 Dungeon Crawl Stone Soup version 0.27-a0-1186-g8b4daa1eef (webtiles) character file.

Game seed: 3574584103453657970

8288 Wyvernaa the Spear-Bearer (level 11, -3/81 HPs)
             Began as a Demonspawn Gladiator on May 20, 2021.
             Was a Priest of Sif Muna.
             Shot with an arrow by a centaur (7 damage)
             ... on level 11 of the Dungeon.
             The game lasted 00:44:30 (12610 turns).

Wyvernaa the Spear-Bearer (Demonspawn Gladiator)   Turns: 12610, Time: 00:44:30

Health: -3/81      AC: 14    Str: 15    XL:     11   Next: 7%
Magic:  20/20      EV: 16    Int: 11    God:    Sif Muna [***...]
Gold:   445        SH:  0    Dex: 22    Spells: 22/22 levels left

rFire    + . .     SeeInvis .   N - +2 glaive (venom)
rCold    + . .     Faith    .   (shield currently unavailable)
rNeg     . . .     Spirit   .   L - +0 steam dragon scales
rPois    .         Reflect  .   c - +0 helmet
rElec    .         Harm     .   K - scarf {rC+ rF+}
rCorr    +         Rampage  .   s - +2 pair of gloves
Will     .....                  (no boots)
Stlth    +++.......             (no amulet)
HPRegen  0.23/turn              m - +6 ring of dexterity
MPRegen  0.17/turn              o - +4 ring of slaying

@: mighty
A: talons 2, yellow scales 3, powered by pain 2, demonic magic 2
a: Renounce Religion, Channel Magic, Forget Spell


You were on level 11 of the Dungeon.
You worshipped Sif Muna.
Sif Muna was most pleased with you.
You visited 3 branches of the dungeon, and saw 13 of its levels.
You also visited: Bailey.

You collected 445 gold pieces.

Inventory:

Hand Weapons
 b - a +4 halberd
 A - a +2 halberd of freezing
 N - a +2 glaive of venom (weapon)
Missiles
 d - 3 throwing nets (quivered)
 n - 3 boomerangs of dispersal
 F - a curare-tipped dart
Armour
 c - a +0 helmet (worn)
 j - a +0 chain mail
 k - a +2 tower shield
 s - a +2 pair of gloves (worn)
 C - a +0 kite shield
 K - a scarf of resistance (worn)
 L - +0 steam dragon scales (worn)
Jewellery
 e - a ring of protection from fire
 m - a +6 ring of dexterity (left hand)
 o - a +4 ring of slaying (right hand)
 p - a ring of resist corrosion
 B - a ring of ice
Wands
 a - a wand of iceblast (8)
 w - a wand of flame (17)
 x - a wand of acid (20)
 D - a wand of mindburst (13)
 J - a wand of polymorph (6)
Scrolls
 i - 4 scrolls of teleportation
 l - 2 scrolls of amnesia
 t - a scroll of silence
 u - 2 scrolls of fog
 v - a scroll of magic mapping
 M - a scroll of immolation
Potions
 f - 3 potions of attraction
 g - a potion of flight
 q - 2 potions of haste
 r - 4 potions of resistance
 z - a potion of might {unknown}
 E - a potion of cancellation {unknown}
 G - 2 potions of magic
 H - a potion of berserk rage {unknown}
 I - a potion of invisibility {unknown}


   Skills:
 + Level 5.9 Fighting
 + Level 10.3 Polearms
 - Level 2.0 Throwing
 + Level 4.0 Armour
 + Level 6.0 Dodging
 - Level 2.9 Stealth
 * Level 6.2 Spellcasting
 * Level 0.4 Transmutations
 * Level 6.9 Invocations


You had 22 spell levels left.
You didn't know any spells.
Your spell library contained the following spells:

 Spells                   Type           Power      Damage    Failure   Level
 Animate Skeleton         Necr           6%         N/A       19%         1
 Magic Dart               Conj           12%        1d3       19%         1
 Pain                     Necr           12%        1d4       19%         1
 Searing Ray              Conj           6%         3d3       28%         2
 Dazzling Flash           Conj/Hex       6%         N/A       50%         3
 Vampiric Draining        Necr           1%         2d6       50%         3
 Animate Dead             Necr           1%         N/A       88%         4
 Fulminant Prism          Conj/Hex       1%         3d6       88%         4
 Iskenderun's Mystic Bla  Conj/Tloc      3%         2d3       88%         4
 Agony                    Necr           3%         N/A       99%         5
 Irradiate                Conj/Tmut      1%         3d14      99%         5
 Blade Hands              Tmut           2%         N/A       100%        6
 Statue Form              Tmut/Erth      2%         N/A       100%        6
 Dragon Form              Tmut           2%         N/A       100%        7


Dungeon Overview and Level Annotations

Branches:
Dungeon (11/15)            Temple (1/1) D:5            Lair (1/6) D:9
    Orc (0/2) D:11         Bailey (visited)

Altars:
Ashenzari
Cheibriados
Dithmenos
Elyvilon
Fedhas
Gozag
Hepliaklqana
Kikubaaqudgha
Makhleb
Nemelex Xobeh
Okawaru
Qazlal
Ru
Sif Muna
Trog
Uskayaw
Vehumet
Wu Jian
Xom
Yredelemnul
Zin
The Shining One

Annotations:
D:2 1 runed translucent door, Crazy Yiuf
D:3 2 transporters, Pooter's ghost, amateur DsBe


Innate Abilities, Weirdness & Mutations

You have razor-sharp toenails.
You are completely covered in yellow scales. (AC +4, rCorr)
You sometimes gain power by taking damage.
Spells you cast may paralyse nearby enemies.


Message History

2 centaurs come into view.
The centaur shouts!
You hear a shout!
A centaur comes into view.
The centaur wields a +0 shortbow.
The centaur shoots an arrow.
The arrow hits you.
A centaur comes into view.
The orc warrior misses you. The orc knight closely misses you.
You hit the orc knight.
The orc knight looks as sick as possible!
You claw the orc knight, but do no damage.
The orc knight is almost dead.
The orc knight no longer looks unusually strong.
You kill the orc knight!
Sif Muna accepts your kill.
You can now freely open your mind to new spells.
The orc warrior completely misses you.
The orc warrior hits you but does no damage.
You slice the orc warrior!!
The orc warrior looks as sick as possible!
You claw the orc warrior, but do no damage.
The orc warrior is severely wounded.
The orc warrior hits you with a +0 broad axe!!
* * * LOW HITPOINT WARNING * * *
You focus on the pain.
You feel very mighty all of a sudden.
Okay, then.
As you read the scroll of fear, it crumbles to dust.
You assume a fearsome visage.
The centaur looks frightened!
The orc warrior looks frightened!
You kill the orc warrior!
Sif Muna accepts your kill.
You are too injured to fight recklessly!
Things that are here:
a +0 broad axe; a +0 ring mail; an orc corpse The centaur wields a +0 shortbow.
The centaur shoots an arrow.
The arrow hits you but does no damage.
The centaur shoots an arrow.
The arrow hits you.
* * * LOW HITPOINT WARNING * * *
The centaur shoots an arrow.
The arrow hits you!
You die...

,,,,,,,,,,*** *,,cc,,,,*
*,,,,,,,,,*
#####..cc,..,*
**,********
#...........,* *,*
#.#*****#.#*** *,*
###c######..# *,*
#..)..8...$.### *,*
#..8.)...8....# *,*
##.............# *,*
*#......@.......# *,*
***#..8....∩....8..#
**,***,.................#
,,,,,,,###..............#
**,,**** #...8.....8....#
**,* #......8.......# *,*
#...######'##### #.*
####* #..## #.* ##..##


You could see a centaur.

Vanquished Creatures
  3 two-headed ogres
  A centaur warrior (D:9)
  An orc knight (D:11)
  A komodo dragon (D:10)
  A hornet (D:11)
  6 yaks (D:10)
  2 steam dragons
  An acid dragon (D:8)
  A water moccasin (D:5)
  3 orc warriors
  A sky beast (D:6)
  An ice beast (D:6)
  2 black bears (D:9)
  An ogre (D:5)
  A necrophage (D:5)
  A phantom (D:7)
  2 kobold brigands
  A bullfrog (D:7)
  A gnoll sergeant (D:10)
  A wyvern zombie (D:6)
  3 scorpions
  8 killer bees
  5 howler monkeys
  5 electric eels (D:9)
  10 wights
  A jelly (D:5)
  6 centaur zombies
  A bullfrog skeleton (D:5)
  A gnoll shaman (D:4)
  6 orc priests
  An iguana (D:6)
  4 orc wizards
  2 howler monkey zombies (D:9)
  16 gnolls
  9 adders
  A white imp (D:5)
  An ufetubus (D:2)
  4 worms
  31 orcs
  4 bats
  7 endoplasms
  A giant cockroach (D:1)
  4 goblins
  12 hobgoblins
  11 jackals
  2 quokkas
  7 ball pythons
  5 frilled lizards
  15 kobolds
  7 rats
222 creatures vanquished.

Vanquished Creatures (others)
  17 plants (D:9)
  2 withered plants (D:9)
19 creatures vanquished.

Grand Total: 241 creatures vanquished

Notes
Turn   | Place    | Note
-------+----------+-------------------------------------------
     0 | D:1      | Wyvernaa the Demonspawn Gladiator began the quest for the
                  | Orb.
     0 | D:1      | Reached XP level 1. HP: 16/16 MP: 1/1
   125 | D:1      | Gained mutation: You have sharp toenails. [demonic
                  | ancestry]
   125 | D:1      | Reached XP level 2. HP: 21/22 MP: 2/2
   201 | D:1      | Reached skill level 3 in Polearms
   526 | D:1      | Gained mutation: You are partially covered in yellow
                  | scales. (AC +2) [demonic ancestry]
   526 | D:1      | Reached XP level 3. HP: 5/27 MP: 3/3
  1283 | D:2      | Found a runed translucent door.
  1284 | D:2      | Noticed Crazy Yiuf
  1536 | D:2      | Gained mutation: You have razor-sharp toenails. [demonic
                  | ancestry]
  1536 | D:2      | Reached XP level 4. HP: 31/33 MP: 4/4
  1618 | D:2      | Reached skill level 1 in Armour
  2010 | D:3      | Reached skill level 4 in Polearms
  2128 | D:3      | Gained mutation: Spells you cast may paralyse adjacent
                  | enemies. [demonic ancestry]
  2128 | D:3      | Reached XP level 5. HP: 34/39 MP: 5/5
  2595 | D:3      | Found a transporter.
  2599 | D:3      | Noticed Pooter's ghost (amateur DsBe)
  2757 | D:3      | Found a transporter.
  3433 | D:4      | Found an ornate altar of the Wu Jian Council.
  3731 | D:4      | Gained mutation: You sometimes gain a little power by
                  | taking damage. [demonic ancestry]
  3731 | D:4      | Reached XP level 6. HP: 46/46 MP: 7/7
  3742 | D:4      | Reached skill level 1 in Spellcasting
  4089 | D:4      | Reached skill level 1 in Stealth
  4438 | D:5      | Entered Level 5 of the Dungeon
  4658 | D:5      | Reached skill level 5 in Polearms
  4831 | D:5      | Noticed a water moccasin
  4847 | D:5      | Killed a water moccasin
  4848 | D:5      | Gained mutation: You sometimes gain power by taking damage.
                  | [demonic ancestry]
  4848 | D:5      | Reached XP level 7. HP: 27/52 MP: 9/9
  5381 | D:5      | Found a staircase to the Ecumenical Temple.
  5397 | Temple   | Entered the Ecumenical Temple
  5489 | Temple   | Became a worshipper of Sif Muna the Loreminder
  6106 | D:5      | Found a hide-covered altar of Uskayaw.
  6106 | D:5      | Found an opulent altar of Gozag.
  6113 | D:5      | Found a faded altar of an unknown god.
  6115 | D:5      | Found a broken altar of Ashenzari.
  6117 | D:5      | Found a faded altar of an unknown god.
  6739 | D:6      | Reached skill level 6 in Polearms
  6739 | D:6      | Gained mutation: Spells you cast may paralyse nearby
                  | enemies. [demonic ancestry]
  6739 | D:6      | Reached XP level 8. HP: 59/59 MP: 12/12
  7385 | D:7      | Reached * piety under Sif Muna
  7885 | D:8      | Reached skill level 7 in Polearms
  7885 | D:8      | Reached skill level 1 in Invocations
  8249 | D:8      | Identified the +0 ring mail "Cuci" {rN+ Regen+ Int-2}
  8479 | D:8      | Gained mutation: You are mostly covered in yellow scales.
                  | (AC +3) [demonic ancestry]
  8479 | D:8      | Reached XP level 9. HP: 47/65 MP: 14/14
  8628 | D:8      | Found a shadowy altar of Dithmenos.
  9490 | D:9      | Noticed a two-headed ogre
  9732 | D:9      | Noticed a centaur warrior
  9740 | D:9      | Killed a centaur warrior
  9741 | D:9      | Reached skill level 8 in Polearms
  9777 | D:9      | Reached skill level 5 in Dodging
  9778 | D:9      | Noticed a two-headed ogre
  9792 | D:9      | Killed a two-headed ogre
  9793 | D:9      | Reached skill level 5 in Fighting
  9793 | D:9      | Reached skill level 5 in Spellcasting
  9793 | D:9      | Reached skill level 5 in Invocations
  9793 | D:9      | Reached XP level 10. HP: 67/74 MP: 17/17
 10399 | D:9      | Killed a two-headed ogre
 10400 | D:9      | Reached skill level 9 in Polearms
 11229 | D:9      | Reached ** piety under Sif Muna
 11231 | D:9      | Found a staircase to the Lair.
 11236 | D:9      | Noticed an elephant
 11367 | Lair:1   | Entered Level 1 of the Lair of Beasts
 11367 | Lair:1   | Noticed a seven-headed hydra
 11414 | D:10     | Entered Level 10 of the Dungeon
 11574 | D:10     | Found a shimmering altar of Xom.
 12338 | D:10     | Noticed a two-headed ogre
 12341 | D:10     | Killed a two-headed ogre
 12342 | D:10     | Reached skill level 10 in Polearms
 12431 | D:11     | Noticed a death knight
 12431 | D:11     | Noticed a skeletal warrior
 12551 | D:11     | Found a flagged portal.
 12555 | D:11     | Gained mutation: You are completely covered in yellow
                  | scales. (AC +4, rCorr) [demonic ancestry]
 12555 | D:11     | Reached XP level 11. HP: 79/81 MP: 20/20
 12561 | Bailey   | Entered a bailey
 12586 | Bailey   | Noticed an orc knight
 12588 | Bailey   | Noticed an orc knight
 12604 | D:11     | Killed an orc knight
 12604 | D:11     | Reached *** piety under Sif Muna
 12610 | D:11     | HP: 4/81 [centaur/arrow (5)]
 12610 | D:11     | Shot with an arrow by a centaur

Illustrated notes

Levels and vault maps discovered:
D:1:      ncdulo_wetmaze, layout_basic
D:2:      layout_basic, corexii_shack, uniq_crazy_yiuf_cottage
D:3:      layout_loops_corners, gammafunk_ghost_stat_death,
          hangedman_glass_teeth, minmay_vboxes
D:4:      layout_gridville, general_overflow_altar,
          pdpol_wu_jian_five_deadly_venoms
D:5:      layout_basic, chequers_temple_overflow_minitemple,
          minmay_temple_entry_large_hall
D:6:      layout_basic, grunt_decor_junction
D:7:      layout_loops_ring, chequers_jeans
D:8:      minmay_spotlight, layout_basic, grunt_dithmenos_smoke_and_mirrors,
          chequers_serial_rivers_large_b, minmay_misc_feat_iff
D:9:      layout_layer_cave, david_lair_generic, serial_undead, serial_undead_d,
          serial_undead_e, serial_undead_f, serial_undead_c, serial_undead_d,
          serial_undead_e, serial_undead_f, st_stairs_4, serial_bayou_lake_a
D:10:     layout_small_grid, nicolae_overflow_crystal_walls,
          corexii_corridor_pit
D:11:     layout_roguey, david_orc_2, enter_bailey_6, uniq_urug
Temple:   minmay_freezing_vapour_temple
Lair:1:   minmay_lair_oklob_tunnel, layout_chaotic_city, columned_hall_lemuel,
          nzn_random_ring, uniq_grum

Skill      XL: |  1  2  3  4  5  6  7  8  9 10 |
---------------+-------------------------------+-----
Throwing       | 2 |  2.0
Dodging        | 3 4 5 6 |  6.0
Polearms       | 3 4 5 6 7 8 10 | 10.3
Armour         | 1 2 3 4 |  4.0
Spellcasting   | 1 2 3 5 6 |  6.2
Stealth        | 1 2 |  2.9
Fighting       | 3 4 5 |  5.9
Invocations    | 2 5 6 |  6.9
Transmutations | |  0.4

Action                   |  1- 3 |  4- 6 |  7- 9 | 10-12 || total
-------------------------+-------+-------+-------+-------++-------
Melee: Trident           |   145 |   195 |   230 |       ||   570
       Kick              |    25 |    46 |    88 |    44 ||   203
       Halberd           |       |       |    24 |    81 ||   105
       Glaive            |       |       |       |    49 ||    49
Evoke: Wand              |       |       |     6 |     5 ||    11
  Use: Potion            |     2 |     3 |     4 |     2 ||    11
       Scroll            |       |     5 |     8 |     3 ||    16
 Stab: Sleeping          |       |     2 |     2 |     3 ||     7
       Distracted        |       |       |     1 |     2 ||     3
Armor: Leather armour    |    49 |    43 |    60 |       ||   152
       Steam dragon scal |       |       |       |    39 ||    39
Dodge: Dodged            |    87 |    95 |   156 |    87 ||   425

Table legend: (Time is in decaauts)
 A = Elapsed time spent in this place.
 B = Non-inter-level travel time spent in this place.
 C = Inter-level travel time spent in this place.
 D = Time resting spent in this place.
 E = Time spent auto-exploring this place.
 F = Levels seen in this place.
 G = Mean time per level.
                   A        B        C        D        E       F      G
               +--------+--------+--------+--------+--------+-----+--------+
         Total |  12724 |  12361 |    363 |   3272 |   6604 |  14 |  908.9 |
       Dungeon |  12588 |  12225 |    363 |   3257 |   6604 |  11 | 1144.4 |
        Temple |     97 |     97 |      0 |      0 |      0 |   1 |   97.0 |
          Lair |      1 |      1 |      0 |      0 |      0 |   1 |    1.0 |
        Bailey |     36 |     36 |      0 |     15 |      0 |   1 |   36.0 |
               +--------+--------+--------+--------+--------+-----+--------+

Top non-repeatable levels by time:
     D:9: 1999 daAuts
     D:5: 1724 daAuts
     D:8: 1417 daAuts
     D:3: 1264 daAuts
     D:4: 1243 daAuts
    D:10: 1044 daAuts
     D:1: 1013 daAuts
     D:7: 987 daAuts
     D:2: 982 daAuts
     D:6: 782 daAuts
    D:11: 128 daAuts
  Temple: 97 daAuts
  Bailey: 36 daAuts
  Lair:1: 1 daAuts
